 Dungeon Crawl Stone Soup version 0.30.1-11-g7821555f0a (webtiles) character file.

Game seed: 1969535972509139064

11 comborobin the Sneak (level 2, -2/24 HPs)
             Began as a Barachi Delver on Dec 23, 2023.
             Slain by an orc wizard
             ... wielding a +0 dagger
              (3 damage)
             ... on level 3 of the Dungeon.
             The game lasted 00:00:57 (192 turns).

comborobin the Sneak (Barachi Delver)                Turns: 192, Time: 00:00:58

Health: -2/24      AC:  4    Str: 13    XL:     2   Next: 25%
Magic:  2/2        EV: 12    Int: 10    God:
Gold:   17         SH:  0    Dex: 13    Spells: 1/1 levels left

rFire   . . .        h - +0 hand axe (heavy)
rCold   . . .        (no shield)
rNeg    . . .        b - +0 leather armour
rPois   .            d - +0 helmet
rElec   .            (no cloak)
rCorr   .            (no gloves)
SInv    .            (no boots)
Will    .....        (no amulet)
Stlth   ++           (no ring)
HPRegen 0.24/turn    (no ring)
MPRegen 0.08/turn

%: no passive effects
@: slow
A: amphibious, slowness 1, strong legs 1, +LOS
a: Hop


You were on level 3 of the Dungeon.
You visited 1 branch of the dungeon, and saw 4 of its levels.

You collected 17 gold pieces.

Inventory:

Hand Weapons
 a - a +0 falchion
 h - a +0 heavy hand axe (weapon)
Armour
 b - a +0 leather armour (worn)
 d - a +0 helmet (worn)
Wands
 g - a wand of digging (3)
Scrolls
 c - a scroll of fog
 e - a scroll of noise {unknown}


   Skills:
 - Level 3.6 Fighting
 - Level 2.7 Long Blades
 + Level 1.7 Axes
 - Level 2.1 Dodging
 - Level 4.5 Stealth


You had one spell level left.
You didn't know any spells.
Your spell library was empty.

Dungeon Overview and Level Annotations

Branches:
Dungeon (6/15)
 Temple: D:4-7

Altars:


Innate Abilities, Weirdness & Mutations

You are amphibious.
You cover ground slowly.
You can hop short distances.
You have an extended range of vision and can be seen from far away.


Message History

The orc hits you but does no damage.
Things that are here:
a +0 flail; a +0 leather armour You hit the orc wizard.
The orc wizard is lightly wounded.
You closely miss the orc. You barely miss the orc.
The orc hits you with a +0 hand axe. The orc hits you with a +0 dagger.
The orc wizard hits you but does no damage.
You hit the orc wizard.
The orc wizard is heavily wounded.
You slash the orc!
You kill the orc!
You hear a splash. x2
You hit the orc. The orc wizard closely misses you. The orc barely misses you.
The orc splashes around in the water.
The orc wizard hits you with a +0 dagger.
You slash the orc!
You kill the orc!
You hear a splash. x2
You hit the orc wizard.
The orc wizard hits you but does no damage.
The orc wizard barely misses you.
Unknown command.
You barely miss the orc wizard.
The orc wizard is severely wounded.
The orc wizard misses you.
The orc wizard hits you with a +0 dagger.
Unknown command.
You barely miss the orc wizard.
The orc wizard is severely wounded.
The orc wizard gestures at you while chanting.
The puff of flame hits you!
* * * LOW HITPOINT WARNING * * *
The orc wizard points at you and mumbles some strange words.
The puff of flame hits you.
* * * LOW HITPOINT WARNING * * *
You closely miss the orc wizard.
The orc wizard is severely wounded.
The orc wizard hits you with a +0 dagger.
You die...

# .# .# ####.
###...####
#≈≈~))≈≈≈#
#.@o#####
#..###..# #.##
#..#
..######.####..#
...............#
....##########.#
. ... ..# #.#
..# #.#
##.######## ..#
#.# #..........


You could see an orc wizard.

Vanquished Creatures
  4 orcs
  A jackal (D:4)
  A frilled lizard (D:3)
  A kobold (D:4)
7 creatures vanquished.

Notes
Turn   | Place    | Note
-------+----------+-------------------------------------------
     0 | D:5      | comborobin the Barachi Delver began the quest for the Orb.
     0 | D:5      | Reached XP level 1. HP: 18/18 MP: 1/1
    23 | D:5      | Noticed a scorpion
    69 | D:4      | Noticed a scorpion
   182 | D:3      | Noticed an orc wizard
   186 | D:3      | Reached skill level 1 in Axes
   186 | D:3      | Reached XP level 2. HP: 24/24 MP: 2/2
   191 | D:3      | HP: 1/24 [orc wizard/puff of flame (4)]
   192 | D:3      | Slain by an orc wizard

Illustrated notes

Levels and vault maps discovered:
D:3:      layout_loops_ring, serial_rivers, chequers_serial_rivers_micro_a,
          chequers_serial_rivers_small_3, chequers_serial_rivers_micro_b,
          chequers_serial_rivers_small_a, ebering_ghost_reflecting_pool,
          uniq_natasha
D:4:      layout_loops_corners, mainiacjoe_overflow_24_doors, serial_shops,
          nicolae_shop_hallway_stairs, hangedman_abyss_or_decor_passed
D:5:      layout_cave_pools, serial_shops, shop_statue
D:6:      kb_forest_paths, layout_basic

Skill      XL: |  1 |
---------------+----+-----
Axes           | 1 |  1.7
Fighting       | |  3.6
Long Blades    | |  2.7
Dodging        | |  2.1
Stealth        | |  4.5

Action                     || total
---------------------------++-------
  Melee: Hand axe          ||    19
         Falchion          ||     2
    Use: Scroll            ||     2
         Potion            ||     1
 Armour: Leather armour    ||    14
  Dodge: Dodged            ||    34
